 Dungeon Crawl Stone Soup version 0.19.1-1-g22dce08 (webtiles) character file.

72 Scadouge the Conjurer (level 4, -2/30 HPs)
             Began as a Human Conjurer on Jan 10, 2017.
             Slain by Terence
             ... wielding a +0 hand axe
              (6 damage)
             ... on level 1 of the Dungeon.
             The game lasted 00:15:01 (2077 turns).

Scadouge the Conjurer (Human Conjurer)              Turns: 2077, Time: 00:15:01

Health: -2/30      AC:  2    Str:  9    XL:     4   Next: 50%
Magic:  2/8        EV: 12    Int: 16    God:
Gold:   64         SH:  0    Dex: 13    Spells: 2 memorised, 6 levels left

rFire  . . .     SeeInvis .     (no weapon)
rCold  . . .     Gourm    .     a - +0 robe
rNeg   . . .     Faith    .     (no shield)
rPois  .         Spirit   .     (no helmet)
rElec  .         Reflect  .     (no cloak)
rCorr  .         Harm     .     (no gloves)
MR     .....                    (no boots)
Stlth  ++........               (no amulet)
                                (no ring)
                                (no ring)

@: no status effects
A: no striking features
a: no special abilities


You were on level 1 of the Dungeon.
You were not hungry.

You visited 1 branch of the dungeon, and saw 2 of its levels.

You collected 64 gold pieces.

Inventory:

Armour
 a - a +0 robe (worn)
Wands
 m - a wand of slowing (27/48)
Scrolls
 i - 2 scrolls of remove curse {unknown}
 j - a scroll of enchant weapon {unknown}
 k - a scroll of identify {unknown}
 p - a scroll of amnesia {unknown}
Potions
 d - a potion of cure mutation {unknown}
 e - a potion of flight {unknown}
 g - a potion of brilliance {unknown}
 h - 2 potions of magic {unknown}
 l - a potion of lignification {unknown}
 o - a potion of cancellation {unknown}
 q - a potion of curing {unknown}
Books
 b - a book of Conjurations

   Spells                             Type                      Level
   a - Magic Dart                     Conjuration                  1
   b - Searing Ray                    Conjuration                  2
   c - Dazzling Spray                 Conjuration/Hexes            3
   d - Fulminant Prism                Conjuration/Hexes            4
   e - Iskenderun's Mystic Blast      Conjuration                  4
   f - Iskenderun's Battlesphere      Conjuration/Charms           5
Comestibles
 c - a bread ration
 f - a meat ration


   Skills:
 - Level 2.0 Dodging
 - Level 2.0 Stealth
 * Level 3.1 Spellcasting
 + Level 4.9 Conjurations


You had 6 spell levels left.
You knew the following spells:

 Your Spells              Type           Power        Failure   Level  Hunger
a - Magic Dart            Conj           ###.         2%          1    None
b - Searing Ray           Conj           ###...       4%          2    ##.....


Dungeon Overview and Level Annotations

Branches:
Dungeon (2/15)

Altars:

Annotations:
D:1 Terence


Message History

Terence closely misses you.
Casting: Magic Dart
Confirm with . or Enter, or press ? or * to list all spells.
Aiming: Magic Dart
Press: ? - help, Shift-Dir - straight line, f/p - Terence
Aim: Terence, wielding a hand axe and wearing a chain mail (almost dead)
The magic dart hits Terence.
Terence is almost dead.
Terence barely misses you.
There is an open door, spattered with blood here.
Casting: Magic Dart
Confirm with . or Enter, or press ? or * to list all spells.
Aiming: Magic Dart
Press: ? - help, Shift-Dir - straight line, f/p - Terence
Aim: Terence, wielding a hand axe and wearing a chain mail (almost dead)
The magic dart hits Terence.
Terence is almost dead.
Terence says, "Rest in peace."
Terence hits you with a hand axe.
You die...

# #.# #....(.....#.#### # #.#
#..........#....# # #.#
#..........####.### #
#.#########..........#......## #
#.#..................'........ #
#.#.#######..........#...#..##
####.#.###########....###...#..#
.....#......######....#
#...#..##
######>.#'#.....@@....#
#...#....
.......##.########....#
#...#.### .########.### ##....#
#...#.# .## #..<..# #.....#
#...#.###
..#######.#######.#..##
#........
..+.............'.##.##
#........
.#####.#####.####.##..#
###......
....##.#####.##...###.## #......
....+.........'.### #..# #......


You could see Terence.

Vanquished Creatures
  Jessica (D:2)
  An adder (D:2)
  An ooze (D:2)
  A worm (D:2)
  A dart slug (D:2)
  A leopard gecko (D:2)
  5 bats
  4 giant cockroaches
  4 goblins
  A hobgoblin (D:1)
  A jackal (D:1)
  5 frilled lizards
  2 kobolds
  2 rats
30 creatures vanquished.

Notes
Turn   | Place    | Note
-------+----------+-------------------------------------------
     0 | D:1      | Scadouge the Human Conjurer began the quest for the Orb.
     0 | D:1      | Reached XP level 1. HP: 13/13 MP: 3/3
   274 | D:1      | Reached XP level 2. HP: 19/19 MP: 1/5
   919 | D:1      | Learned a level 2 spell: Searing Ray
  1063 | D:2      | Noticed Jessica
  1074 | D:2      | Killed Jessica
  1074 | D:2      | Reached XP level 3. HP: 7/24 MP: 0/7
  1346 | D:2      | Reached XP level 4. HP: 28/30 MP: 2/8
  1759 | D:2      | Noticed Terence
  2077 | D:1      | Slain by Terence

Skill      XL: |  1  2  3  4 |
---------------+-------------+-----
Spellcasting   | 3 |  3.1
Dodging        | |  2.0
Stealth        | |  2.0
Conjurations   | |  4.9

Action                   |  1- 3 |  4- 6 || total
-------------------------+-------+-------++-------
 Cast: Magic Dart        |    43 |    54 ||    97
       Searing Ray       |     2 |     3 ||     5
  Eat: Chunk             |     2 |     2 ||     4
Armor: Robe              |     1 |       ||     1
Dodge: Dodged            |     6 |    15 ||    21
